[Event "*** Titled Tuesday Blitz"]
[Site "Chess.com"]
[Date "2021.03.09"]
[Round "5"]
[White "Rakesh"]
[Black "Sjakkerntobi"]
[Result "1-0"]
[WhiteElo "2520"]
[BlackElo "2374"]
[TimeControl "180+1"]
[EndTime "10:59:04 PST"]
[Termination "Rakesh won by resignation"]

1. e4 e6 2. d4 d5 3. Bd3 dxe4 4. Bxe4 Nf6 5. Bf3 c5 6. Ne2 e5 7. dxe5 Qxd1+ 8. Kxd1 Ng4 9. Be3 Nxe3+ 10. fxe3 Nc6 11. Bxc6+ bxc6 12. Nd2 Be6 13. Nf4 Be7 14. Ke2 Rd8 15.
Nxe6 fxe6 16. Ne4 Rd5 17. Rad1 O-O 18. Rhf1 Rxf1 19. Rxf1 Rxe5 20. Nd2 Rg5 21. g3 Rd5 22. Nc4 Bf6 23. c3 h5 24. e4 Rd8 25. Rd1 Rc8 26.
Rd7 Ra8 27. e5 Bg5 28. h4 Bh6 29. Re7 a5 30. Rxe6 a4 31. Rxc6 a3 32. b3 Bc1 33. Rxc5 Bb2 34. Kd3 Rd8+ 35. Kc2 Rf8 36. e6 Rf2+ 37. Nd2 Kf8 38. Rxh5 Ke7 39. Rg5 Kxe6 40. Rxg7 Rg2 41. Rg5 Rg1 42. b4 Rc1+ 43. Kb3 Rxc3+ 44. Ka4 Bc1 45. Ne4 Rc2 46. Rc5 Rxa2 47.
Rxc1 Re2 48. Nc3 Re3 49. Kxa3 Rxg3 50. Ka4 Kd6 51. b5 Rg8 52. Kb4 Kc7 53. Na4+ Kb7 54.
Rc6 Rg4+ 55. Ka5 Rxh4 56. Nc5+ Kb8 57. b6 Rh7 58. Kb5 Rg7 59. Rh6 Rg8 60. Rh7 Ka8 61.
Ra7+ Kb8 62. Na6+ Kc8 63. Ra8+ Kb7 64. Ra7+ Kc8 65. b7+ Kd7 66. b8=Q+ Ke6 67. Qxg8+ Kd6 68. Qd8+ Ke5 69. Re7+ Kf5 70. Qf8+ 1-0

[Event "*** Titled Tuesday Blitz"]
[Site "Chess.com"]
[Date "2021.03.09"]
[Round "5"]
[White "Chessmasterzt"]
[Black "Chopper1905"]
[Result "0-1"]
[WhiteElo "2624"]
[BlackElo "2919"]
[TimeControl "180+1"]
[EndTime "10:59:05 PST"]
[Termination "Chopper1905 won by resignation"]

1. d4 Nf6 2. c4 g6 3. Nc3 d5 4. cxd5 Nxd5 5. Bd2 Nb6 6. e3 Bg7 7. f4 O-O 8. Nf3 c5 9. dxc5 N6d7 10. Ne4 e5 11.
Bc4 exf4 12. O-O Qe7 13. Qc2 Nc6 14. Rae1 fxe3 15. Bxe3 Nde5 16. Nxe5 Nxe5 17. Bg5 Qc7 18. Bb3 Bf5 19. Rxf5 gxf5 20. Nf6+ Bxf6 21. Bxf6 Ng4 22. Qxf5 Qxh2+ 23. Kf1 Qh1+ 24. Ke2 Qxg2+ 25. Kd3 Nxf6 26.
Qxf6 Rad8+ 27. Kc4 Rfe8 28. Kb4 Qd2+ 29. Kc4 Qd3+ 30.
Kb4 Qd4+ 31. Qxd4 Rxd4+ 32. Kc3 Rxe1 33. Kxd4 h5 34. Bd5 Re7 35. b4 a6 36. a4 h4 37. b5 axb5 38. axb5 h3 39. c6 bxc6 40.
bxc6 Kf8 41. Kc5 Ke8 42. Kd6 Kd8 43. Bh1 h2 44. Bf3 f5 45. Bd5 Rh7 46. Bh1 Rh6+ 47. Ke5 Rg6 48. Bd5 Kc7 49. Kxf5 Rg1 50. Kf4 h1=Q 51.
Bxh1 Rxh1 0-1

[Event "*** Titled Tuesday Blitz"]
[Site "Chess.com"]
[Date "2021.03.09"]
[Round "5"]
[White "Sergey85Rodchenkov"]
[Black "Shubinkirill2003"]
[Result "1-0"]
[WhiteElo "2514"]
[BlackElo "2664"]
[TimeControl "180+1"]
[EndTime "10:59:05 PST"]
[Termination "Sergey85Rodchenkov won on time"]

1. e4 e6 2. d4 d5 3. Nd2 Nc6 4. c3 e5 5. dxe5 dxe4 6. Qe2 Nxe5 7. Nxe4 Qe7 8. Bf4 Bf5 9. O-O-O f6 10. Nf3 Nc6 11. Ng3 Bd7 12. Bxc7 Be6 13. Bd6 Qf7 14.
Bxf8 Kxf8 15. Nd4 Nxd4 16. Rxd4 Ne7 17. Qb5 Nc6 18. Rd2 g6 19. Ne4 a6 20. Qc5+ Kg7 21.
Nd6 Qe7 22. Bc4 Bxc4 23. Qxc4 Ne5 24. Qb4 Qe6 25. Qxb7+ Kh6 26. Qe4 Rad8 27. Rhd1 Qxa2 28. f4 Rb8 29. Qb1 Qxb1+ 30. Kxb1 Nc6 31. Nf7+ Kg7 32.
Nxh8 Rxh8 33. Rd6 Na5 34. Rxa6 Nc4 35. Rd7+ Kh6 36. Rxf6 Re8 37. g4 Re2 38. h4 1-0

[Event "*** Titled Tuesday Blitz"]
[Site "Chess.com"]
[Date "2021.03.09"]
[Round "5"]
[White "Andrakhanova"]
[Black "woodhy"]
[Result "0-1"]
[WhiteElo "2270"]
[BlackElo "2455"]
[TimeControl "180+1"]
[EndTime "10:59:05 PST"]
[Termination "woodhy won by resignation"]

1. c4 b6 2. g3 Bb7 3. Nf3 f5 4. Bg2 Nf6 5. Nc3 e5 6. d3 d6 7. O-O Be7 8. b3 O-O 9. Bb2 Nbd7 10. e3 Nc5 11. Qc2 Ne6 12. Rad1 f4 13. exf4 exf4 14. d4 fxg3 15. fxg3 Ng4 16. Qe2 Ng5 17.
d5 Nxf3+ 18. Rxf3 Rxf3 19. Bxf3 Ne5 20. Bg2 Bc8 21. Rf1 Bg4 22. Qe4 Qd7 23. Nb5 Rf8 24. Bxe5 Rxf1+ 25. Kxf1 dxe5 26. Qxe5 Bd8 27. Nxa7 Bf6 28.
Qf4 h6 29. Nc6 Bg5 30. Ne5 Bxf4 31. Nxd7 Bd6 32. Nb8 Bf5 33. a4 Bc2 34. Nc6 Bxb3 35. a5 Bxc4+ 36. Kf2 bxa5 37. Nxa5 Ba2 38. Nc6 Kf7 39.
Ke3 Kf6 40. Kd4 Bb1 41. g4 Bxh2 42. Nb8 c5+ 43. dxc6 Bxb8 44. Kd5 Ba2+ 45. Ke4 Bc7 46. Kf3 Bd5+ 47. Ke2 Bxg2 0-1

[Event "*** Titled Tuesday Blitz"]
[Site "Chess.com"]
[Date "2021.03.09"]
[Round "5"]
[White "GregShahade"]
[Black "jefferyx"]
[Result "1/2-1/2"]
[WhiteElo "2755"]
[BlackElo "3009"]
[TimeControl "180+1"]
[EndTime "10:59:06 PST"]
[Termination "Game drawn by repetition"]

1. e4 Nf6 2. e5 Nd5 3. d4 d6 4. Nf3 g6 5. Bc4 c6 6. exd6 Qxd6 7. O-O Bg7 8. h3 O-O 9. Re1 a5 10. Nbd2 Bf5 11. c3 b5 12. Bf1 a4 13. Nh4 a3 14.
Nxf5 gxf5 15. Qc2 axb2 16. Bxb2 e6 17. c4 Nb4 18. Qb3 N8a6 19. a3 Bxd4 20. Bxd4 Qxd4 21. Nf3 bxc4 22. Bxc4 Qg7 23. axb4 Nc5 24. Qb1 Ne4 25.
Rxa8 Rxa8 26. Bd3 Nf6 27. Qb2 Nd5 28. Qxg7+ Kxg7 29. b5 Ra3 30. Bf1 cxb5 31. Bxb5 Nf4 32. Bf1 Nxh3+ 33. gxh3 Rxf3 34. Kg2 Rf4 35. Ra1 Rb4 36.
Ra7 Kf6 37. Be2 Kg6 38. Bf3 Rc4 39. Be2 Rb4 40. Bf3 Rc4 41. Rb7 Rc3 42. Be2 h5 43. h4 Rc2 44. Bf3 Rc3 45. Rb8 Rc4 46. Kg3 Rd4 47.
Rg8+ Kh7 48. Rg5 f6 49. Rxh5+ Kg7 50. Kg2 Rd3 51. Be2 Rd4 52. Bf3 Rd2 53. Kg3 Rd3 54. Kg2 Rd4 55. Be2 Re4 56. Bf3 Rd4 57. Be2 Re4 58. Bf3 Rd4 1/2-1/2

[Event "*** Titled Tuesday Blitz"]
[Site "Chess.com"]
[Date "2021.03.09"]
[Round "5"]
[White "NikolaN98"]
[Black "MFBerna"]
[Result "1-0"]
[WhiteElo "2517"]
[BlackElo "2371"]
[TimeControl "180+1"]
[EndTime "10:59:06 PST"]
[Termination "NikolaN98 won on time"]

1. e4 c6 2. d4 d5 3. exd5 cxd5 4. Bd3 Nc6 5. c3 g6 6. Nf3 Bg7 7. Nbd2 Nh6 8. h4 Bf5 9. Be2 Bg4 10. Nb3 Nf5 11. Nc5 Qc7 12. Nd3 Qb6 13. Bf4 O-O 14.
h5 Rfe8 15. hxg6 hxg6 16. Nfe5 Bxe2 17. Qxe2 Nxe5 18. dxe5 Rac8 19. g4 Nd6 20. f3 d4 21.
cxd4 Qxd4 22. Be3 Qd5 23. exd6 exd6 24. Kf1 Rc4 25. Re1 Rxg4 26. Nf2 Rg3 27. Ne4 Rxe4 28. fxe4 Qxe4 29. Rh2 Qf5+ 30. Bf2 Rf3 31. Qe8+ Bf8 32.
Qe2 Bg7 33. Qe8+ Bf8 34. Kg1 Rf4 35. Qe3 Rg4+ 36. Rg2 Rxg2+ 37. Kxg2 d5 38. Qf3 Qg5+ 39. Kf1 1-0

[Event "*** Titled Tuesday Blitz"]
[Site "Chess.com"]
[Date "2021.03.09"]
[Round "5"]
[White "Anna_ChessMate"]
[Black "chessdjw"]
[Result "1-0"]
[WhiteElo "2573"]
[BlackElo "2725"]
[TimeControl "180+1"]
[EndTime "10:59:07 PST"]
[Termination "Anna_ChessMate won on time"]

1. d4 Nf6 2. c4 g6 3. g3 Bg7 4.
Bg2 O-O 5. Nc3 Nc6 6. d5 Ne5 7. b3 e6 8. dxe6 fxe6 9. Bb2 Rb8 10. Nf3 Nxf3+ 11. exf3 a6 12. O-O b5 13. cxb5 axb5 14. f4 b4 15. Na4 d6 16. Rc1 c5 17. Re1 Re8 18. Bc6 Re7 19. Nxc5 Kh8 20. Bxf6 Bxf6 21.
Ne4 Bg7 22. Nxd6 Ba6 23. Ne4 Qxd1 24. Rexd1 e5 25. fxe5 Bxe5 26. Bd5 Be2 27. Rd2 Bf3 28. Ng5 Bxd5 29. Rxd5 Bc3 30. Rc2 Rbe8 31. Kg2 h6 32. Nh3 g5 33. Ng1 Kg7 34. a4 Re1 35. Nf3 Rb1 36. Nd4 Bxd4 37. Rxd4 Rxb3 38. a5 Ra8 39. Rc7+ Kg6 40. Rc6+ Kg7 41. Rd7+ Kg8 42. Rg6+ 1-0

[Event "*** Titled Tuesday Blitz"]
[Site "Chess.com"]
[Date "2021.03.09"]
[Round "5"]
[White "samidescalona2002"]
[Black "FontVella8"]
[Result "1-0"]
[WhiteElo "2307"]
[BlackElo "2474"]
[TimeControl "180+1"]
[EndTime "10:59:07 PST"]
[Termination "samidescalona2002 won on time"]

1. d4 g6 2. Bf4 Bg7 3. e3 Nf6 4. h3 O-O 5. Nf3 b6 6. c4 Bb7 7.
Nc3 d6 8. Qc2 Nbd7 9. Be2 e6 10.
O-O Qe7 11. b4 a5 12. a3 e5 13. Bh2 Rfe8 14. Nb5 Qd8 15. Rad1 axb4 16. axb4 Qc8 17. Ra1 Be4 18. Qb2 exd4 19. exd4 Qb7 20. Nc3 Bf5 21. Nh4 Be4 22. f3 Rxa1 23. Rxa1 Bf5 24. Nxf5 gxf5 25. Qd2 d5 26. c5 bxc5 27. bxc5 c6 28. Rb1 Qa7 29.
Bd3 Nh5 30. Bxf5 Nxc5 31. g4 Ne6 32. Bxe6 fxe6 33. Ne2 Nf6 34. Rc1 e5 35. Rxc6 e4 36.
fxe4 Nxe4 37. Qd3 Qa1+ 38. Rc1 Qb2 39. Rf1 Ng5 40. Nf4 Rf8 41. h4 Nf7 42. Ne6 1-0

[Event "*** Titled Tuesday Blitz"]
[Site "Chess.com"]
[Date "2021.03.09"]
[Round "5"]
[White "MerryPoppies"]
[Black "Trickov"]
[Result "0-1"]
[WhiteElo "2187"]
[BlackElo "2360"]
[TimeControl "180+1"]
[EndTime "10:59:07 PST"]
[Termination "Trickov won by resignation"]

1. d4 d5 2. c4 c6 3. Nc3 Nf6 4. cxd5 cxd5 5. Nf3 Nc6 6. Bf4 Bg4 7. e3 Qb6 8. Rb1 e6 9. Be2 Bf5 10. Bd3 Bxd3 11.
Qxd3 Be7 12. O-O O-O 13. Ne5 Rac8 14. a3 Qb3 15. Rfd1 Nxe5 16. Bxe5 Rc6 17. h3 Rfc8 18. Bxf6 Bxf6 19. Ne4 Qxd3 20. Nxf6+ gxf6 21. Rxd3 Rc2 22. Kf1 Rc1+ 23. Rxc1 Rxc1+ 24. Ke2 Rc2+ 25. Rd2 Rc1 26.
Kf3 Kg7 27. Ke2 f5 28. Kf3 Kf6 29. Re2 b5 30. Kg3 a5 31. f3 b4 32. axb4 axb4 33. Rd2 b3 34. Re2 h5 35. Kf2 h4 36. e4 fxe4 37.
fxe4 dxe4 38. Rxe4 Kf5 39. Re2 Rc2 40. Ke3 Rxe2+ 41. Kxe2 Ke4 42. Kf2 Kxd4 43. g3 hxg3+ 44. Kxg3 Ke5 45. h4 Kf5 46. h5 Kg5 47. Kf3 f5 48.
Ke3 f4+ 49. Kd3 e5 50. Kc3 f3 51. Kxb3 f2 52. Kc3 f1=Q 53. b4 Qb5 0-1

[Event "*** Titled Tuesday Blitz"]
[Site "Chess.com"]
[Date "2021.03.09"]
[Round "5"]
[White "Nf3c5"]
[Black "FormerProdigy"]
[Result "1-0"]
[WhiteElo "2621"]
[BlackElo "2830"]
[TimeControl "180+1"]
[EndTime "10:59:08 PST"]
[Termination "Nf3c5 won on time"]

1. d4 Nf6 2. Bf4 d5 3. e3 c5 4.
c3 Qb6 5. Qb3 c4 6. Qc2 g6 7.
Nd2 Bf5 8. Qc1 Nc6 9. b3 cxb3 10. axb3 e5 11. dxe5 Nh5 12. Ngf3 Nxf4 13. exf4 Bc5 14. Be2 Bxf2+ 15. Kf1 Be3 16. Qa3 Bxf4 17. Re1 O-O-O 18.
c4 Bxd2 19. Nxd2 Nxe5 20. c5 Qf6 21. Nf3 Nxf3 22. Bxf3 Qd4 23. Qxa7 Bd3+ 24. Be2 Rhe8 25.
Qa8+ Kc7 26. Qa5+ Kb8 27. Bxd3 Qxd3+ 28. Kf2 Qc2+ 29. Kf1 Rxe1+ 30. Qxe1 Qxc5 31. Qe5+ Qc7 32. Qe3 d4 33. Qd2 d3 34. Kf2 Qc5+ 35. Kg3 Qe5+ 36.
Kf2 Qd4+ 37. Kg3 Qd6+ 38. Kf2 Re8 39. Re1 Qf6+ 40. Kg1 1-0

[Event "*** Titled Tuesday Blitz"]
[Site "Chess.com"]
[Date "2021.03.09"]
[Round "5"]
[White "Vaathi_Coming"]
[Black "KruHor"]
[Result "1-0"]
[WhiteElo "2802"]
[BlackElo "2541"]
[TimeControl "180+1"]
[EndTime "10:59:08 PST"]
[Termination "Vaathi_Coming won by resignation"]

1. Nf3 d6 2. d4 Bg4 3. Nc3 Nd7 4. e4 e6 5. Be3 c6 6. h3 Bh5 7. a4 d5 8. Bd3 Bb4 9. O-O Ne7 10. e5 Bg6 11. Ne2 Ba5 12. Ng3 Rc8 13. c3 Bc7 14. b4 f6 15. exf6 Nxf6 16. Ne5 Bxd3 17. Qxd3 O-O 18. f4 Qe8 19. Rae1 Bxe5 20. dxe5 Nh5 21.
Nxh5 Qxh5 22. Bxa7 Ng6 23. Qg3 Qf5 24. Be3 Qc2 25.
Bc5 Rf7 26. a5 Ne7 27. Rf2 Qb3 28. Qd3 Ng6 29. g3 Rd8 30. Rb1 Qc4 31. Qxc4 dxc4 32.
Bd6 Ne7 33. b5 cxb5 34. Rxb5 Nf5 35. Rfb2 Nxg3 36. Rxb7 Ne2+ 37. Kf2 Nxf4 38. Rxf7 Kxf7 39. Ke3 Nd5+ 40. Kd4 Rc8 41. a6 Rc6 42. Ra2 Nb6 43. a7 Na8 44. Rf2+ Kg6 45. Rf8 Nb6 46. Rb8 Kf5 47. Rxb6 1-0

[Event "*** Titled Tuesday Blitz"]
[Site "Chess.com"]
[Date "2021.03.09"]
[Round "5"]
[White "HrvojeZagreb"]
[Black "PowerThinking2650"]
[Result "1-0"]
[WhiteElo "2273"]
[BlackElo "2415"]
[TimeControl "180+1"]
[EndTime "10:59:08 PST"]
[Termination "HrvojeZagreb won on time"]

1. d4 Nf6 2. Bf4 g6 3. Nc3 d5 4. e3 Bg7 5. h4 h5 6. Nf3 O-O 7. Ne5 c5 8. Be2 cxd4 9. exd4 Nc6 10. Qd2 Bf5 11. f3 Rc8 12. g4 hxg4 13. h5 Nb4 14.
fxg4 Ne4 15. Nxe4 Nxc2+ 16. Kf2 Bxe4 17. h6 Bf6 18. h7+ Kh8 19. g5 Bg7 20. Rac1 Bxh1 21. Rxh1 Qb6 22. Nd7 Qxd4+ 23. Qxd4 Bxd4+ 24. Kg3 f6 25.
Rd1 e5 26. Bc1 Rf7 27. Nxf6 Nb4 28. a3 Rc2 29. Bg4 Nc6 30. Be6 Rxh7 31. Nxh7 Kxh7 32. Bxd5 Kg7 33. Rf1 Re2 34. Rf7+ Kh8 35. Rxb7 Na5 36.
Rb8+ Kg7 37. Rg8+ Kh7 38. Rf8 Bb6 39. Rf7+ Kh8 40. b4 Rc2 41. bxa5 1-0

[Event "*** Titled Tuesday Blitz"]
[Site "Chess.com"]
[Date "2021.03.09"]
[Round "5"]
[White "dennisodessa"]
[Black "DarZay"]
[Result "1-0"]
[WhiteElo "2346"]
[BlackElo "2181"]
[TimeControl "180+1"]
[EndTime "10:59:08 PST"]
[Termination "dennisodessa won on time"]

1. d4 d5 2. c4 e6 3. Nc3 Be7 4. cxd5 exd5 5. Bf4 Nf6 6. e3 c6 7. Bd3 O-O 8. h3 Nbd7 9. Nf3 h6 10. Qc2 b6 11.
O-O Bb7 12. Rfd1 Rc8 13. Rac1 c5 14. Qe2 Ne4 15. Ne5 Nxe5 16. Bxe4 dxe4 17. dxe5 Qe8 18. Qg4 Kh8 19. Qh5 Qc6 20. Nd5 Rce8 21. Nxe7 Rxe7 22. Rd6 Qc7 23. Bxh6 Re6 24. Bf4+ Kg8 25. Rcd1 Bc6 26. Qg4 Rxd6 27. exd6 Qd7 28. Qg3 f6 29. h4 Bb5 30.
Rd5 f5 31. Qg5 Bc4 32. Re5 Rf7 33. Re7 Rxe7 34. dxe7 Bxa2 35. Be5 Kf7 36. Qxg7+ Ke6 37. Qf6+ Kd5 38. Qf8 1-0

[Event "*** Titled Tuesday Blitz"]
[Site "Chess.com"]
[Date "2021.03.09"]
[Round "5"]
[White "BanjoKazooieN64"]
[Black "PrinceMurad09"]
[Result "0-1"]
[WhiteElo "2405"]
[BlackElo "2557"]
[TimeControl "180+1"]
[EndTime "10:59:09 PST"]
[Termination "PrinceMurad09 won by resignation"]

1. e4 c5 2. Nc3 Nc6 3. Nf3 g6 4.
Bb5 Bg7 5. O-O Nd4 6. Ba4 Rb8 7. Nxd4 cxd4 8. Ne2 b5 9. Bb3 e6 10. d3 Ne7 11. f3 O-O 12. a4 b4 13. Qe1 a5 14.
Bg5 h6 15. Bd2 d5 16. Qh4 g5 17. Qg3 Ng6 18. Qxb8 Be5 19. Qa7 Bc7 20. exd5 Qd6 21. Ng3 h5 22. dxe6 fxe6 23. f4 gxf4 24. Ne4 Qe7 25.
Rae1 f3 26. Bg5 Bxh2+ 27. Kxh2 Qxa7 28. Nf6+ Rxf6 29. Bxf6 Qc7+ 30. g3 h4 31. Rxf3 hxg3+ 32. Rxg3 Kf7 33. Bxd4 Qf4 34. Re4 Qd2+ 35. Rg2 Qh6+ 36.
Kg1 Qc1+ 37. Kf2 Qd2+ 38. Re2 Qf4+ 39. Kg1 Qxd4+ 40. Ref2+ Kg7 41. c3 bxc3 42. bxc3 Qxc3 43. Bd1 Qe1+ 44. Rf1 Qe3+ 45. Rff2 Bb7 46. Bh5 Bxg2 47. Kxg2 Nf4+ 48. Kf1 Nxh5 49. Re2 Ng3+ 0-1

[Event "*** Titled Tuesday Blitz"]
[Site "Chess.com"]
[Date "2021.03.09"]
[Round "5"]
[White "Faqade"]
[Black "Tekushka"]
[Result "1/2-1/2"]
[WhiteElo "2616"]
[BlackElo "2455"]
[TimeControl "180+1"]
[EndTime "10:59:10 PST"]
[Termination "Game drawn by repetition"]

1. c4 e5 2. Nc3 Bb4 3. Nf3 Bxc3 4. dxc3 Nc6 5. c5 b6 6. cxb6 axb6 7. e4 Nf6 8. Bb5 Bb7 9. Bxc6 Bxc6 10. Nxe5 Bxe4 11.
O-O h6 12. Re1 O-O 13. Nxd7 Qxd7 14. Qxd7 Nxd7 15. Rxe4 Nc5 16. Re7 Nb3 17. Rb1 Nxc1 18. Rxc1 Rxa2 19. b4 Rc8 20. g3 c5 21. Rd1 cxb4 22.
cxb4 Rb2 23. Rdd7 Rxb4 24. Rxf7 Rg4 25. Rb7 Rg6 26. Kg2 b5 27. h4 b4 28. Rf4 Rf8 29.
Rfxb4 Rgf6 30. Rb2 R6f7 31. R7b4 Rf6 32. f4 Rd6 33. h5 Rd5 34. g4 Rd7 35. Kf3 Rdf7 36. Re2 Rf6 37. Ree4 R6f7 38. Kg3 Rf6 39. Rbd4 R6f7 40.
Rd5 Rf6 41. Re7 Rxf4 42. Rdd7 Rf3+ 43. Kh4 R3f7 44. g5 Rf4+ 45. Kg3 Rf3+ 46. Kg2 Rf2+ 47. Kg1 Rf1+ 48. Kg2 R1f2+ 49. Kg1 Rf1+ 50. Kg2 R1f2+ 1/2-1/2

[Event "*** Titled Tuesday Blitz"]
[Site "Chess.com"]
[Date "2021.03.09"]
[Round "5"]
[White "gatocorbis"]
[Black "sbouchet"]
[Result "0-1"]
[WhiteElo "2102"]
[BlackElo "2332"]
[TimeControl "180+1"]
[EndTime "10:59:10 PST"]
[Termination "sbouchet won by resignation"]

1. d4 Nf6 2. c4 e6 3. Nc3 Bb4 4. e3 Bxc3+ 5. bxc3 b6 6. Nf3 Bb7 7. Bd3 Ne4 8. Qc2 f5 9. O-O O-O 10. Nd2 Nxd2 11. Bxd2 d6 12. e4 f4 13. f3 e5 14.
Rab1 c5 15. d5 g5 16. a4 Kh8 17. Be2 a5 18. g4 h5 19. gxh5 Qe8 20. Rf2 Nd7 21.
Rg2 Qxh5 22. Kh1 Rg8 23. Rbg1 Rg7 24. Be1 Rag8 25. Bf2 Qe8 26. Qb3 Ba6 27. Rg4 Qd8 28. Kg2 Nf6 29. Kf1 Nxg4 30. Rxg4 Bc8 31. Rg2 g4 32.
fxg4 Bxg4 33. Bxg4 Rxg4 34. Rxg4 Rxg4 35. Qd1 Qg5 36. Qf3 Qh5 37. Ke2 Rg5 38. Qxh5+ Rxh5 39. h4 Kg7 40. Kf3 Kg6 41. Kg4 Rh8 42. Be1 Rg8 43.
Bf2 Kf6+ 44. Kf3 Kg6 45. Ke2 Kh5 46. Kf3 Rg7 47. Be1 Rg4 48. Bf2 Rxh4 49. Bxh4 Kxh4 50.
Kg2 Kg4 0-1

[Event "*** Titled Tuesday Blitz"]
[Site "Chess.com"]
[Date "2021.03.09"]
[Round "5"]
[White "tlomigtlis"]
[Black "anon219"]
[Result "0-1"]
[WhiteElo "2606"]
[BlackElo "2863"]
[TimeControl "180+1"]
[EndTime "10:59:11 PST"]
[Termination "anon219 won by checkmate"]

1. d4 d5 2. c4 e6 3. Nc3 Bb4 4. Qc2 dxc4 5. Nf3 Nf6 6. e4 b5 7. a4 Bb7 8. e5 Be4 9. Qe2 Bd3 10. Qd1 Nd5 11. Bxd3 Nxc3 12. bxc3 Bxc3+ 13. Bd2 Bxd2+ 14. Qxd2 cxd3 15. Qxd3 bxa4 16. O-O O-O 17. Ng5 Qxg5 18. Rxa4 Nd7 19. Rc4 c5 20. f4 Qg6 21. Qxg6 fxg6 22.
dxc5 Rac8 23. Rfc1 Rc6 24. Rd4 Nxc5 25. Rd6 Rcc8 26.
g3 a5 27. Rb6 Rfd8 28. Rb5 Nd3 29. Rxc8 Rxc8 30. Rxa5 Rc1+ 31. Kg2 Rc2+ 32. Kf3 h5 33. h4 Rc3 34. Kg2 Nc5 35. Ra8+ Kh7 36. Re8 Ne4 37. Rxe6 Rxg3+ 38. Kh2 Rg4 39. Kh3 Rxf4 40. Re7 Nd2 41. e6 Re4 42. Re8 Nc4 43. e7 Ne3 44. Rf8 Rxe7 45.
Kg3 Nf5+ 46. Kf4 Nxh4 47. Kg5 Nf5 48. Kf4 Ra7 49. Rb8 Ra4+ 50. Ke5 h4 51. Rb3 Rg4 52. Ke6 Rg3 53. Rb1 h3 54. Rh1 Kh6 55. Ke5 Kg5 56. Ke4 Re3+ 57. Kd5 Kg4 58. Rg1+ Rg3 59. Rh1 Rg2 60. Ke4 h2 61. Kd3 Kg3 62. Ke4 Rg1 63.
Kd3 Rxh1 64. Ke4 Rf1 65. Kd5 h1=Q+ 66. Ke6 Qc6+ 67. Kf7 Nh4+ 68. Kg8 Qc8+ 69. Kh7 Kg4 70. Kxg7 Qf8+ 71. Kh7 Rf7# 0-1

[Event "*** Titled Tuesday Blitz"]
[Site "Chess.com"]
[Date "2021.03.09"]
[Round "5"]
[White "BahadirOzen"]
[Black "Artem_Sadovsky"]
[Result "1-0"]
[WhiteElo "2769"]
[BlackElo "2578"]
[TimeControl "180+1"]
[EndTime "10:59:11 PST"]
[Termination "BahadirOzen won on time"]

1. g3 d5 2. Bg2 c6 3. Nf3 g6 4. O-O Bg7 5. d3 e5 6. e4 dxe4 7. dxe4 Qxd1 8. Rxd1 f6 9. a4 Be6 10. Na3 Nd7 11. a5 Bh6 12. b4 Bxc1 13. Raxc1 Nh6 14. Bf1 Ke7 15. Nc4 Nf7 16. c3 Rhd8 17.
Be2 b6 18. axb6 axb6 19. Ra1 Bxc4 20. Bxc4 Nd6 21. Bd3 c5 22. Nd2 b5 23. Nf1 c4 24.
Bc2 Nb6 25. Ne3 Ke6 26. f3 Rxa1 27. Rxa1 Ra8 28. Rxa8 Nxa8 29. Kf2 Nb6 30. Ke2 Nf7 31. h4 Nd6 32. Kd2 Ndc8 33. Ke2 Ne7 34. Bd1 Nc6 35. Nc2 Na4 36. Kd2 Nb2 37. Na3 Na7 38.
Bc2 f5 39. Kc1 Nd3+ 40. Bxd3 cxd3 41. Kd2 fxe4 42. fxe4 Kd6 43. Kxd3 Kc6 44. c4 bxc4+ 45. Kxc4 Nc8 46. b5+ Kd6 47. Kb4 Kc7 48. Nc4 Kb8 49. Kc5 Kc7 50. Nxe5 Nd6 51. b6+ 1-0

[Event "*** Titled Tuesday Blitz"]
[Site "Chess.com"]
[Date "2021.03.09"]
[Round "5"]
[White "mary-sanna"]
[Black "03revilo"]
[Result "0-1"]
[WhiteElo "2067"]
[BlackElo "2321"]
[TimeControl "180+1"]
[EndTime "10:59:11 PST"]
[Termination "03revilo won on time"]

1. d4 d5 2. Bf4 e6 3. e3 Nf6 4.
c3 Bd6 5. Bg3 O-O 6. Nf3 c5 7.
Nbd2 Qc7 8. Bd3 Nbd7 9. Qe2 e5 10. Nxe5 Nxe5 11. dxe5 Bxe5 12. Nf3 Bxg3 13. hxg3 h6 14. Bc2 Re8 15. O-O-O Rb8 16. Qd3 b5 17. Kb1 b4 18.
c4 Ba6 19. Bb3 Rbd8 20. Qc2 Re4 21. cxd5 c4 22. Ba4 c3 23. bxc3 bxc3 24. Ka1 Qa5 25. d6 Rxa4 26. Nd4 Bc4 27. Nb3 Qa6 28. Qxc3 Rxa2+ 29. Kb1 Rb8 30. d7 Rxb3+ 31. Qxb3 Ra1+ 32. Kb2 Bxb3 33. d8=Q+ Kh7 34. Qd3+ Qxd3 35. Rxd3 Rxh1 36. Rxb3 Rg1 37. Ra3 Rxg2 38. Rxa7 Rxf2+ 39. Kb3 Kg6 40. Kc4 Rf3 41. Kd4 Rxg3 0-1

[Event "*** Titled Tuesday Blitz"]
[Site "Chess.com"]
[Date "2021.03.09"]
[Round "5"]
[White "LuisFSiles"]
[Black "Ziyamammadov"]
[Result "1-0"]
[WhiteElo "2306"]
[BlackElo "1790"]
[TimeControl "180+1"]
[EndTime "10:59:11 PST"]
[Termination "LuisFSiles won on time"]

1. e4 e6 2. d4 d5 3. Nd2 dxe4 4. Nxe4 Nf6 5. Nxf6+ Qxf6 6. Nf3 h6 7. Bd3 Bd6 8.
Qe2 Nc6 9. c3 O-O 10. Qe4 Re8 11. O-O e5 12. Re1 Bd7 13. d5 Ne7 14. Qh4 Qxh4 15.
Nxh4 Nxd5 16. Bd2 Nf6 17. Rad1 Rad8 18. Bc4 g5 19. Nf3 e4 20. Nd4 a6 21. b4 Be5 22.
Nb3 Ba4 23. h4 b5 24. Bf1 gxh4 25. Bxh6 Bxc3 26. Rxd8 Rxd8 27. Rc1 Bxb4 28. Bg5 Be7 29. Nc5 Nd5 30. Bxe7 Nxe7 31. Nxe4 b4 32. Nf6+ Kg7 33.
Nh5+ Kh6 34. Nf4 c6 35. Rc5 Bb5 36. Rh5+ Kg7 37. Rg5+ Kf8 38. Rh5 Rd1 39. Kh2 Bxf1 40. Rh6 Kg7 41. Rxh4 Bb5 42. Rg4+ Kf8 43. Nh3 Ng6 44.
Ng5 Kg7 45. f4 1-0

[Event "*** Titled Tuesday Blitz"]
[Site "Chess.com"]
[Date "2021.03.09"]
[Round "5"]
[White "ural58"]
[Black "Lestofante90"]
[Result "1-0"]
[WhiteElo "2576"]
[BlackElo "2729"]
[TimeControl "180+1"]
[EndTime "10:59:12 PST"]
[Termination "ural58 won by resignation"]

1. e4 e5 2. f4 exf4 3. Bc4 Nf6 4. Nc3 g6 5. d4 Nh5 6. Nd5 Qh4+ 7. Kf1 Qd8 8. Nxf4 Nxf4 9. Bxf4 Bg7 10. Nf3 O-O 11. Kf2 d6 12. Re1 Nd7 13. c3 Nf6 14. h3 d5 15. exd5 Nxd5 16. Bg3 Be6 17. Qb3 a6 18. a4 Rb8 19. a5 b5 20. axb6 Rxb6 21. Qa2 Qb8 22. Re2 Rd8 23. Kg1 h6 24. Rae1 Rc6 25.
Nd2 Qb7 26. Kh2 Rb6 27. Ne4 Qc6 28. Nc5 Bc8 29. Bxd5 Qxd5 30. Qxd5 Rxd5 31. Re8+ Kh7 32. Rxc8 Rxb2 33. Rxc7 Rf5 34. Ree7 Kg8 35. Nd3 Rd2 36. Ne5 Re2 37. Nxg6 Rc2 38. Nh4 Rg5 39. Nf3 Rh5 40. Rxf7 Bf8 41. Rfd7 a5 42. Rc8 Rf5 43. Bd6 a4 44.
Rxf8+ Rxf8 45. Bxf8 Kxf8 46. Ra7 Rxc3 47. Rxa4 1-0

[Event "*** Titled Tuesday Blitz"]
[Site "Chess.com"]
[Date "2021.03.09"]
[Round "5"]
[White "Sadykov_Ramil"]
[Black "chesslh19"]
[Result "1-0"]
[WhiteElo "2566"]
[BlackElo "2280"]
[TimeControl "180+1"]
[EndTime "10:59:12 PST"]
[Termination "Sadykov_Ramil won by checkmate"]

1. d4 Nf6 2. Nc3 d5 3. Bf4 c5 4.
e3 cxd4 5. exd4 a6 6. Nf3 Bg4 7. h3 Bxf3 8. Qxf3 Nc6 9. Ne2 e6 10. c3 Bd6 11. Qg3 Bxf4 12. Nxf4 O-O 13. Bd3 Re8 14. O-O Rc8 15. Rae1 b5 16. Re3 g6 17. Rfe1 Qb6 18. Bxg6 hxg6 19. Nxg6 Qc7 20. Ne7+ Kf8 21. Nxc8 Qxg3 22. Rxg3 Rxc8 23. h4 Ne4 24. Rge3 Ke7 25. f3 Nf6 26. Kf2 Na5 27. g4 Nc4 28. R3e2 a5 29. a3 Rb8 30. h5 b4 31. axb4 axb4 32.
Ra1 bxc3 33. bxc3 Rb3 34. h6 Nh7 35. f4 Rxc3 36. g5 Rd3 37. Ra7+ Kf8 38. g6 fxg6 39. Rxh7 Kg8 40. Rg7+ Kh8 41. Rxe6 Rd2+ 42. Ke1 Rxd4 43.
Re8# 1-0

[Event "*** Titled Tuesday Blitz"]
[Site "Chess.com"]
[Date "2021.03.09"]
[Round "5"]
[White "annacramling"]
[Black "ecwinslow"]
[Result "1-0"]
[WhiteElo "2034"]
[BlackElo "2205"]
[TimeControl "180+1"]
[EndTime "10:59:13 PST"]
[Termination "annacramling won by resignation"]

1. d4 Nf6 2. c4 e6 3. Nc3 c5 4. d5 exd5 5. cxd5 d6 6. e4 g6 7. f4 Bg7 8. Bb5+ Nfd7 9. Be2 O-O 10. Nf3 f5 11. O-O Nf6 12. e5 dxe5 13. fxe5 Ng4 14. d6 Be6 15. Bf4 Nc6 16. Ng5 Qd7 17. Nxe6 Qxe6 18. Bxg4 fxg4 19. Ne4 Rxf4 20. Rxf4 Bxe5 21.
Qxg4 Bd4+ 22. Kh1 Qxg4 23. Rxg4 Rd8 24. Rf1 Ne5 25. Rgf4 Nd3 26. R4f3 Nxb2 27. Rb3 b6 28. g3 c4 29. Rb4 Be5 30. Re1 Kg7 31. Ng5 Kf6 32.
Nxh7+ Ke6 33. Ng5+ Kf5 34. Rxe5+ Kxe5 35. Rxb2 Rxd6 36.
Nf7+ Ke6 37. Nxd6 Kxd6 38. Rc2 b5 39. Kg2 Kd5 40. Kf3 Kd4 41. Ke2 b4 42. h4 a5 43. g4 a4 44. h5 gxh5 45. gxh5 b3 46.
axb3 axb3 47. Rd2+ Ke4 48. h6 c3 49. Rd1 c2 50.
Re1 Kd4 51. Kd2 Kc4 52. h7 1-0